 Dungeon Crawl Stone Soup version 0.23-a0-303-gfcac5dec12 (webtiles) character file.

137409 PikkenKukken the Brawler (level 16, -1/154 HPs)
             Began as a Troll Fighter on Oct 8, 2018.
             Was the Champion of Jiyva.
             Hit by a large rock thrown by a cyclops (23 damage)
             ... on level 2 of the Shoals.
             The game lasted 01:52:32 (35099 turns).

PikkenKukken the Brawler (Troll Fighter)           Turns: 35099, Time: 01:52:33

Health: -1/154     AC: 13    Str: 14    XL:     16   Next: 39%
Magic:  12/24      EV: 15    Int: 20    God:    Jiyva [******]
Gold:   744        SH: 12    Dex: 14    Spells: 12/27 levels left

rFire    + . .     SeeInvis +     - Unarmed
rCold    . . .     Gourm    +   U - +1 shield {reflect}
rNeg     . . .     Faith    .   I - +3 troll leather armour
rPois    .         Spirit   .   D - +2 hat {SInv}
rElec    .         Reflect  +   (no cloak)
rCorr    +         Harm     .   (gloves unavailable)
MR       +....                  (boots unavailable)
Stlth    ++........             L - amulet of regeneration
HPRegen  1.55/turn              M - +3 ring of protection
MPRegen  0.19/turn              l - ring of wizardry

@: very slightly contaminated
A: large, unfitting armour, claws 3, thin skeletal structure 1, fire resistance
1, fast metabolism 3, gourmand, regeneration 1, shaggy fur 1, tough skin 2,
acidic bite, eyeballs 3, pseudopods 1, tendrils, MP-powered wands, sturdy frame
1
}: 1/15 runes: slimy
a: Request Jelly, Slimify, Cure Bad Mutation, Renounce Religion


You were on level 2 of the Shoals.
You worshipped Jiyva.
Jiyva was exalted by your worship.
You were completely stuffed.

You visited 7 branches of the dungeon, and saw 33 of its levels.

You collected 2052 gold pieces.
You spent 1308 gold pieces at shops.

Inventory:

Missiles
 m - 461 arrows
 s - 12 large rocks (quivered)
Armour
 u - the +0 robe "Parocleo" {rC++}
   (You bought it in a shop on level 4 of the Dungeon)

   It greatly protects you from cold.
 D - a +2 hat of see invisible (worn)
 I - a +3 troll leather armour (worn)
 U - a +1 shield of reflection (worn)
Jewellery
 g - a +3 ring of intelligence
 l - a ring of wizardry (right claw)
 E - an uncursed ring of protection from cold
 K - an uncursed amulet of magic regeneration
 L - an amulet of regeneration (around neck)
 M - a +3 ring of protection (left claw)
 O - a +3 ring of strength
 Q - the ring "Saugexi" {rPois MP+9 Int-5 Dex+4}
   (You bought it in a shop on level 2 of the Orcish Mines)

   [ring of magical power]

   It affects your intelligence (-5).
   It affects your dexterity (+4).
   It protects you from poison.
   It affects your magic capacity (+9).
 R - the macabre finger necklace {rN+}
   (You found it on level 5 of the Pits of Slime)

   [amulet of nothing]

   It protects you from negative energy.
 V - an uncursed ring of protection from magic
Wands
 c - a wand of polymorph (34)
 k - a wand of acid (7)
 n - a wand of flame (111)
 x - a wand of digging (15)
 A - a wand of paralysis (18)
 C - a wand of scattershot (1)
 N - a wand of random effects (15)
 P - a wand of clouds (6)
 S - a wand of disintegration (8)
 T - a wand of iceblast (6)
Scrolls
 p - 6 scrolls of remove curse
 r - 5 scrolls of teleportation
 v - 3 scrolls of fear
 y - 3 scrolls of amnesia
 B - 3 scrolls of brand weapon
 F - a scroll of enchant weapon
Potions
 a - 3 potions of invisibility
 e - 3 potions of flight
 f - 5 potions of curing
 h - 2 potions of agility
 i - 2 potions of ambrosia
 j - 5 potions of heal wounds
 o - 3 potions of magic
 q - 3 potions of cancellation
 t - 3 potions of haste
 w - 4 potions of lignification
 z - 3 potions of mutation
 G - 2 potions of brilliance
 H - a potion of resistance {unknown}
Comestibles
 b - 12 chunks of flesh
 d - 34 rations


   Skills:
 + Level 8.8 Fighting
 - Level 3.0 Armour
 - Level 10.0 Dodging
 - Level 10.0 Shields
 + Level 16.2 Unarmed Combat
 - Level 6.0 Spellcasting
 - Level 4.0 Hexes
 + Level 5.8 Necromancy
 - Level 2.0 Translocations
 + Level 1.5 Transmutations
 - Level 6.0 Earth Magic
   Level 6.0 Invocations


You had 12 spell levels left.
You knew the following spells:

 Your Spells              Type           Power        Failure   Level  Hunger
a - Confusing Touch       Hex            ###...       1%          1    None
b - Apportation           Tloc           ##....       1%          1    None
c - Ensorcelled Hibernat  Hex/Ice        ##....       2%          2    None
d - Borgnjor's Vile Clut  Necr/Erth      ####......   11%         5    #####..
e - Statue Form           Tmut/Erth      ###......    77%         6    #######

Your spell library contained the following spells:

 Spells                   Type           Power        Failure   Level  Hunger
 Animate Skeleton         Necr           N/A          1%          1    None
 Corona                   Hex            ###....      1%          1    None
 Confuse                  Hex            ###.....     2%          3    ##.....
 Tukima's Dance           Hex            ###.....     2%          3    ##.....
 Flame Tongue             Conj/Fire      #....        4%          1    None
 Magic Dart               Conj           #...         4%          1    None
 Summon Small Mammal      Summ           #...         4%          1    None
 Searing Ray              Conj           #.....       6%          2    None
 Dazzling Spray           Conj/Hex       ##....       6%          3    ##.....
 Cause Fear               Hex            ###.......   9%          4    ####...
 Static Discharge         Conj/Air       #.......     13%         3    ##.....
 Fulminant Prism          Conj/Hex       ##........   19%         4    ####...
 Force Lance              Conj/Tloc      ##......     26%         4    ####...
 Iskenderun's Mystic Bla  Conj           #.......     38%         4    ####...
 Silence                  Hex/Air        ##........   45%         5    #####..
 Irradiate                Conj/Tmut      #.........   61%         5    #####..
 Lightning Bolt           Conj/Air       #.........   71%         5    #####..
 Darkness                 Hex            ###.......   75%         6    #######
 Hydra Form               Tmut           ##........   96%         6    #######
 Bolt of Fire             Conj/Fire      #.........   99%         6    #######
 Shadow Creatures         Summ           N/A          99%         6    #######
 Dragon Form              Tmut           ##........   100%        7    #######
 Ignition                 Fire           #.........   100%        8    #######
 Dragon's Call            Summ           #.........   100%        9    #######
 Shatter                  Erth           ####......   100%        9    #######
 Tornado                  Air            #.........   100%        9    #######


Dungeon Overview and Level Annotations

Branches:
Dungeon (14/15)            Temple (1/1) D:6            Lair (6/6) D:11
 Shoals (2/4) Lair:4       Spider (3/4) Lair:2        Slime (5/5) Lair:6
    Orc (2/2) D:11            Elf (0/3) Orc:2        Vaults (0/5) D:13

Altars:
Ashenzari
Cheibriados
Dithmenos
Elyvilon
Fedhas
Gozag
Hepliaklqana
Kikubaaqudgha
Makhleb
Nemelex Xobeh
Okawaru
Qazlal
Ru
Sif Muna
Trog
Uskayaw
Vehumet
Wu Jian
Xom
Yredelemnul
Zin
The Shining One
Jiyva

Shops:
D:4 [   D:5 *   Orc:1 *   Orc:2 :%*=

Annotations:
Lair:3 exclusion: 2 oklob plants
Shoals:1 exclusion: Roxanne, Roxanne
Spider:2 Nikola
Spider:3 Arachne
Slime:5 Royal Jelly


Innate Abilities, Weirdness & Mutations

You are too large for most types of armour.
You have claws for hands.
Your metabolism is lightning-fast.
You like to eat raw meat.
Your natural rate of healing is unusually fast.
You are covered in fur. (AC +1)
You have very tough skin. (AC +2)
You have a somewhat thin skeletal structure. (Dex +2, Stealth)
Your flesh is heat resistant. (rF+)
You have acidic saliva.
Your body is covered in golden eyes which may confuse attackers. (Acc +7, SInv)
Armour fits poorly on your pseudopods.
You are covered in slimy tendrils that may disarm your opponents.
You expend magic power (3 MP) to strengthen your wands.
Your movements are slightly less encumbered by armour. (ER -2)


Message History

You are lethally poisoned!
The sea snake poisons you!
You feel better.
The zombie hands constrict the stone giant!
The zombie hands constrict the sea snake!
The stone giant hits you!
* * * LOW HITPOINT WARNING * * *
The sea snake bites you!
* * * LOW HITPOINT WARNING * * *
Blink to where?
Press: ? - help, Dir - move target cursor, p - stone giant The zombie hands lose their grip on something. x2
You enter a teleport trap!
The teleport trap disappears.
Your surroundings suddenly seem different.
You are very lightly contaminated with residual magic.
As you read the scroll of blinking, it crumbles to dust. 2 snapping turtles and a cyclops come into view.
The cyclops shouts!
The cyclops throws a large rock.
The large rock hits you!!
You die...

≈≈≈≈≈≈≈≈.....≈≈≈≈≈≈....≈≈≈≈≈≈≈≈≈≈
≈≈≈≈≈≈≈≈...≈≈≈≈≈.≈....##.......≈≈
≈≈≈≈≈≈≈≈≈≈≈≈≈≈≈≈......# #........
≈≈≈≈≈≈≈≈≈≈≈≈≈≈≈≈......# #........
≈≈≈≈...####J≈≈≈≈...# #.####...
≈≈≈.>.########≈≈≈## ######..
≈≈<...#≈.≈≈##≈#≈#≈# ##...≈#..
≈≈≈≈..J#.≈≈(#≈≈≈..# .#....#≈..
≈≈≈≈≈≈≈≈≈≈≈≈#≈≈.@.#..........≈C..
≈≈^≈≈≈≈#≈≈.(#$.t.[#.....# #S§.
≈≈≈...#≈≈..###.C.##≈#≈#≈ #...≈#..
≈≈≈...#########t####≈.≈########..
≈≈.....####..#####........####.≈≈
≈≈≈......................≈≈≈≈≈≈≈≈
≈≈≈..........≈≈..........≈≈≈≈≈≈≈≈
≈≈≈≈≈≈........≈..........≈≈≈≈≈≈≈≈
≈≈≈≈≈≈≈≈.................≈≈≈≈≈≈≈≈


You could see 2 snapping turtles and a cyclops.

Vanquished Creatures
  Rupert (Lair:4)
  Gastronok (D:9)
  2 ghost moths
  An emperor scorpion (Spider:1)
  Nessos (Lair:4)
  A spark wasp (Spider:3)
  Snorg (Lair:5)
  Josephine (Spider:1)
  Harold (D:11)
  3 hydras
  A merfolk avatar (Shoals:2)
  A catoblepas (D:13)
  2 satyrs (Shoals:1)
  2 centaur warriors
  A tengu warrior (D:13)
  An alligator (shapeshifter) (D:13)
  4 orc high priests
  Urug (Lair:5)
  7 sea snakes
  An obsidian statue (D:14)
  2 unseen horrors
  2 lindwurms (Lair:4)
  5 orc knights (Orc:2)
  A wizard (D:13)
  11 harpies
  Pikel (D:6)
  A deep elf mage (D:14)
  9 orb spiders
  13 fauns
  23 wolf spiders
  6 orc sorcerers
  3 manticores
  3 cyclopes
  7 elephants (Lair:4)
  4 merfolk sirens
  A gargoyle (D:11)
  24 spiny frogs
  3 black mambas
  A smoke demon (D:14)
  A water nymph (Shoals:1)
  3 centaur skeletons
  A freezing wraith (D:14)
  2 rime drakes
  An efreet (D:14)
  5 komodo dragons
  4 demonic crawlers
  3 ice devils (D:14)
  A tengu conjurer (D:13)
  9 trolls
  20 jumping spiders
  4 wind drakes
  8 merfolk
  4 tyrant leeches (Lair:6)
  6 dream sheep (Lair:5)
  36 blink frogs
  12 hippogriffs
  3 snapping turtles (Shoals:1)
  A wyvern (Lair:5)
  2 water elementals
  16 tarantellas
  29 yaks
  25 redbacks
  Sigmund (D:3)
  5 wraiths (Spider:1)
  2 shadows
  A human (D:7)
  Grum (D:11)
  Eustachio (D:5)
  4 hungry ghosts
  3 hogs (D:7)
  14 vampire mosquitoes
  A chaos spawn (D:14)
  3 wargs
  Edmund (D:6)
  6 water moccasins
  The ghost of feamirim the Ducker, an amateur SpFi of Cheibriados (D:4)
  Duvessa (D:7)
  3 porcupines
  3 sky beasts
  4 ice beasts
  3 slaves (D:6)
  2 black bears
  5 phantoms
  25 orc warriors
  10 ogres
  9 wolves
  9 crocodiles
  10 centaurs
  26 bullfrogs
  4 big kobolds
  4 scorpions
  A water moccasin skeleton (D:7)
  Dowan (D:7)
  8 killer bees
  5 wights (D:11)
  3 howler monkeys
  An electric eel (Lair:4)
  2 vampire bats (Lair:6)
  3 crimson imps
  2 bullfrog zombies
  3 centaur zombies
  8 hounds
  A quasit (D:14)
  Crazy Yiuf (D:7)
  A bullfrog skeleton (D:11)
  23 orc priests
  An iron imp (D:14)
  5 jellies
  20 orc wizards
  11 worker ants
  Ijyb (D:3)
  5 iguanas
  3 hound zombies
  6 gnolls
  4 adders
  A shadow imp (D:12)
  A white imp (D:14)
  2 ufetubi (D:14)
  2 adder skeletons
  4 worms
  A dart slug (D:1)
  7 leopard geckos
  68 orcs
  A ball python (D:8)
  5 giant cockroaches
  9 goblins
  8 hobgoblins
  9 jackals
  2 quokkas
  10 bats
  7 frilled lizards
  A jackal skeleton (D:7)
  A jackal zombie (D:5)
  22 kobolds
  A leopard gecko skeleton (D:5)
  A quokka skeleton (D:9)
  4 rats
  2 plants (Shoals:1)
800 creatures vanquished.

Vanquished Creatures (collateral kills)
  4 orb spiders (Spider:2)
  A jumping spider (Spider:2)
  A tarantella (Spider:3)
  A hound (D:12)
7 creatures vanquished.

Vanquished Creatures (others)
  2 acid blobs (Slime:5)
  A death ooze (Slime:5)
  A glowing orange brain (Slime:2)
  A large abomination (D:14)
  An orb spider (Spider:2)
  A harpy (Shoals:2)
  A faun (Shoals:1)
  A shining eye (Slime:2)
  A merfolk siren (Shoals:2)
  2 merfolk
  A jumping spider (Spider:1)
  A hornet (Spider:3)
  19 slime creatures
  6 redbacks
  A yak (Lair:4)
  2 tarantellas
  An orc warrior (Orc:2)
  A sky beast (D:12)
  2 eyes of draining
  A bullfrog zombie (D:13)
  108 jellies
  6 orc wizards
  2 shadow imps (D:13)
  A white imp (D:14)
  An ufetubus (D:14)
  5 orcs
  2 jackals (D:10)
  3 bushes
  2 butterflies (Lair:2)
  21 fungi
  72 plants
  11 toadstools (Lair:4)
281 creatures vanquished.

Grand Total: 1088 creatures vanquished

Notes
Turn   | Place    | Note
-------+----------+-------------------------------------------
     0 | D:1      | PikkenKukken the Troll Fighter began the quest for the Orb.
     0 | D:1      | Reached XP level 1. HP: 22/22 MP: 0/0
    34 | D:1      | Reached XP level 2. HP: 20/29 MP: 1/1
   122 | D:1      | Reached XP level 3. HP: 36/36 MP: 2/2
   784 | D:2      | Found a white marble altar of Elyvilon.
   792 | D:2      | Became a worshipper of Elyvilon the Healer
   948 | D:2      | Reached skill level 3 in Unarmed Combat
   989 | D:2      | Reached XP level 4. HP: 38/44 MP: 3/3
  1614 | D:2      | Reached * piety under Elyvilon
  1755 | D:2      | Found a sacrificial altar of Ru.
  1868 | D:3      | Found a shattered altar of Ashenzari.
  1897 | D:3      | Reached skill level 1 in Invocations
  1974 | D:3      | Reached XP level 5. HP: 39/53 MP: 4/4
  2324 | D:3      | Found a shadowy altar of Dithmenos.
  2352 | D:3      | Noticed Sigmund
  2384 | D:3      | Killed Sigmund
  2384 | D:3      | Reached skill level 4 in Unarmed Combat
  2384 | D:3      | Reached XP level 6. HP: 47/61 MP: 6/6
  2612 | D:3      | Reached ** piety under Elyvilon
  2631 | D:3      | Noticed Ijyb
  2639 | D:3      | Killed Ijyb
  2866 | D:3      | Reached XP level 7. HP: 62/67 MP: 7/7
  3064 | D:4      | Reached skill level 5 in Unarmed Combat
  3114 | D:4      | Found Vaawiveh's Antique Armour Shop.
  3122 | D:4      | Bought a faintly glowing robe for 102 gold pieces
  3132 | D:4      | Identified the cursed +0 robe "Parocleo" {rC++} (You bought
                  | it in a shop on level 4 of the Dungeon)
  3212 | D:4      | Reached *** piety under Elyvilon
  3235 | D:4      | Found a runed door.
  3235 | D:4      | Noticed a dagger
  3236 | D:4      | Noticed a dagger
  3237 | D:4      | Noticed feamirim's ghost (amateur SpFi)
  3583 | D:4      | Found a hide-covered altar of Uskayaw.
  3963 | D:5      | Entered Level 5 of the Dungeon
  4104 | D:5      | Found a blossoming altar of Fedhas.
  4109 | D:5      | Found Gozag's Platinum Reserve.
  4111 | D:5      | Found an opulent altar of Gozag.
  4166 | D:5      | Reached XP level 8. HP: 67/78 MP: 9/9
  4319 | D:5      | Reached skill level 6 in Unarmed Combat
  4498 | D:5      | Noticed Eustachio
  4514 | D:5      | Killed Eustachio
  4854 | D:5      | Found a burning altar of Makhleb.
  4854 | D:5      | Found an iron altar of Okawaru.
  5014 | D:5      | Found a sparkling altar of Nemelex Xobeh.
  5066 | D:5      | Reached **** piety under Elyvilon
  5302 | D:6      | Found a staircase to the Ecumenical Temple.
  5308 | Temple   | Entered the Ecumenical Temple
  5474 | D:6      | Noticed Edmund
  5484 | D:6      | Killed Edmund
  5484 | D:6      | Reached skill level 7 in Unarmed Combat
  5512 | D:6      | Noticed Pikel
  5529 | D:6      | Killed Pikel
  5529 | D:6      | Reached XP level 9. HP: 73/85 MP: 9/11
  6281 | D:7      | Reached skill level 5 in Fighting
  6281 | D:7      | Reached skill level 5 in Dodging
  6290 | D:7      | Reached skill level 5 in Shields
  6290 | D:7      | Reached skill level 8 in Unarmed Combat
  6588 | D:7      | Reached skill level 5 in Invocations
  6860 | D:7      | Found a runed door.
  6916 | D:7      | Reached ***** piety under Elyvilon
  6917 | D:7      | Noticed Dowan
  6928 | D:7      | Killed Dowan
  6984 | D:7      | Noticed Duvessa
  6993 | D:7      | Killed Duvessa
  7030 | D:7      | Reached XP level 10. HP: 41/96 MP: 12/12
  7354 | D:7      | Noticed Crazy Yiuf
  7360 | D:7      | Killed Crazy Yiuf
  7681 | D:8      | Reached skill level 9 in Unarmed Combat
  7769 | D:8      | Found a blossoming altar of Fedhas.
  7777 | D:8      | Learned a level 1 spell: Confusing Touch
  7924 | D:8      | Found a snail-covered altar of Cheibriados.
  8062 | D:8      | Found a stormy altar of Qazlal.
  8410 | D:9      | Found a basalt altar of Yredelemnul.
  8582 | D:9      | Noticed Gastronok
  8598 | D:9      | Killed Gastronok
  8736 | D:9      | Noticed Grum
  8744 | D:9      | Reached skill level 10 in Unarmed Combat
  8764 | D:9      | Reached skill level 1 in Hexes
  9366 | D:10     | Entered Level 10 of the Dungeon
  9488 | D:10     | Reached XP level 11. HP: 94/105 MP: 14/14
 10639 | D:11     | Reached skill level 1 in Spellcasting
 10694 | D:11     | Gained mutation: You are dopey. (Int -2) [potion of
                  | mutation]
 10694 | D:11     | Gained mutation: You have a pair of small antennae on your
                  | head. [potion of mutation]
 10695 | D:11     | Lost mutation: You are dopey. (Int -2) [potion of mutation]
 10695 | D:11     | Gained mutation: You have an increased reservoir of magic.
                  | (+10% MP) [potion of mutation]
 10695 | D:11     | Gained mutation: You have large cloven feet. [potion of
                  | mutation]
 10695 | D:11     | Gained mutation: Your spells are a little harder to cast,
                  | but a little more powerful. [potion of mutation]
 10695 | D:11     | Gained mutation: Your muscles are strong. (Str +2) [potion
                  | of mutation]
 10708 | D:11     | Learned a level 1 spell: Apportation
 10765 | D:11     | Noticed Harold
 10774 | D:11     | Reached ****** piety under Elyvilon
 10799 | D:11     | Killed Harold
 10893 | D:11     | Reached skill level 1 in Translocations
 11116 | D:11     | Found a staircase to the Lair.
 11297 | D:11     | Noticed an unseen horror
 11307 | D:11     | Killed an unseen horror
 11693 | D:11     | Killed Grum
 11702 | D:11     | Found a sacrificial altar of Ru.
 11881 | D:11     | Found a staircase to the Orcish Mines.
 12100 | Lair:1   | Entered Level 1 of the Lair of Beasts
 12210 | Lair:1   | Reached skill level 11 in Unarmed Combat
 12215 | Lair:1   | Reached XP level 12. HP: 107/114 MP: 17/17
 13079 | D:4      | Killed feamirim's ghost
 13607 | Lair:2   | Found a hole to the Spider Nest.
 14770 | Lair:4   | Reached skill level 12 in Unarmed Combat
 14912 | Lair:4   | Learned a level 2 spell: Ensorcelled Hibernation
 15271 | Lair:4   | Noticed Rupert
 15271 | Lair:4   | Paralysed by Rupert for 7 turns
 15497 | Lair:4   | Noticed Nessos
 15507 | Lair:4   | Killed Nessos
 15878 | Lair:4   | Reached skill level 13 in Unarmed Combat
 16103 | Lair:4   | Found a staircase to the Shoals.
 16121 | Lair:4   | Reached XP level 13. HP: 114/120 MP: 19/19
 16243 | Lair:4   | Killed Rupert
 16243 | Lair:4   | Reached skill level 14 in Unarmed Combat
 16429 | Lair:5   | Noticed Snorg
 16452 | Lair:5   | Killed Snorg
 16501 | Lair:5   | Noticed Urug
 16514 | Lair:5   | Killed Urug
 16662 | Lair:5   | Reached skill level 15 in Unarmed Combat
 16755 | Lair:5   | You fall through a shaft!
 16755 | Lair:6   | Entered Level 6 of the Lair of Beasts
 18536 | Lair:6   | Reached XP level 14. HP: 85/130 MP: 21/21
 18734 | Lair:6   | Reached skill level 10 in Dodging
 18741 | Lair:6   | Got a transparent bronze amulet
 18742 | Lair:6   | Identified the amulet "Kiunnaem" {Harm *Drain Fragile MR++
                  | Int+4 Dex+2} (You found it on level 6 of the Lair of
                  | Beasts)
 18814 | Lair:6   | Found a staircase to the Slime Pits.
 18814 | Lair:6   | Found a viscous altar of Jiyva.
 18822 | Lair:6   | Fell from the grace of Elyvilon
 18822 | Lair:6   | Became a worshipper of Jiyva Jeuleopa the Shapeless
 19089 | Lair:5   | Reached * piety under Jiyva
 19620 | Lair:4   | Found a runed door.
 19875 | Lair:4   | Learned a level 5 spell: Borgnjor's Vile Clutch
 20414 | Lair:3   | Reached ** piety under Jiyva
 20946 | D:10     | Reached *** piety under Jiyva
 21239 | D:9      | Lost mutation: You have large cloven feet. [Jiyva's grace]
 21560 | D:7      | Reached **** piety under Jiyva
 22109 | D:5      | Gained mutation: You are agile. (Dex +2) [Jiyva's grace]
 22944 | D:3      | Reached ***** piety under Jiyva
 22987 | D:3      | Gained mutation: You are covered in slimy tendrils that may
                  | disarm your opponents. [Jiyva's grace]
 24098 | D:11     | Lost mutation: You have an increased reservoir of magic.
                  | (+10% MP) [Jiyva's grace]
 24179 | Orc:1    | Entered Level 1 of the Orcish Mines
 24209 | Orc:1    | Reached skill level 1 in Armour
 24214 | Orc:1    | Gained mutation: Armour fits poorly on your strangely
                  | shaped body. [a neqoxec]
 24401 | Orc:1    | Lost mutation: You are covered in slimy tendrils that may
                  | disarm your opponents. [Jiyva's grace]
 24579 | Orc:1    | Gained mutation: You have a small jelly attached to you
                  | that senses nearby items. [Jiyva's grace]
 24579 | Orc:1    | Reached ****** piety under Jiyva
 24622 | Orc:1    | Found Gyduif's Assorted Antiques.
 24819 | Orc:2    | Entered Level 2 of the Orcish Mines
 25089 | Slime:1  | Entered Level 1 of the Pits of Slime
 25090 | Slime:1  | Noticed an azure jelly
 25249 | Slime:5  | Entered Level 5 of the Pits of Slime
 25257 | Slime:5  | Gained mutation: You are partially covered in thin metallic
                  | scales. (AC +2) [Jiyva's grace]
 25260 | Slime:5  | Noticed an acid blob
 25266 | Slime:5  | Noticed an acid blob
 25268 | Slime:5  | Found a viscous altar of Jiyva.
 25268 | Slime:5  | Noticed an acid blob
 25268 | Slime:5  | Noticed an acid blob
 25269 | Slime:5  | Noticed an acid blob
 25269 | Slime:5  | Noticed an acid blob
 25269 | Slime:5  | Noticed the Royal Jelly
 25269 | Slime:5  | Noticed an azure jelly
 25271 | Slime:5  | Found the macabre finger necklace {rN+}
 25271 | Slime:5  | Noticed an azure jelly
 25275 | Slime:5  | Lost mutation: Your spells are a little harder to cast, but
                  | a little more powerful. [Jiyva's grace]
 25278 | Slime:5  | Noticed an acid blob
 25278 | Slime:5  | Gained mutation: Your movements are slightly less
                  | encumbered by armour. (ER -2) [Jiyva's grace]
 25280 | Slime:5  | Gained mutation: You have acidic saliva. [Jiyva's grace]
 25281 | Slime:5  | Noticed an acid blob
 25284 | Slime:5  | Noticed an acid blob
 25288 | Slime:5  | Lost mutation: You are agile. (Dex +2) [Jiyva's grace]
 25307 | Slime:5  | Noticed an acid blob
 25316 | Slime:5  | Got a slimy rune of Zot
 25331 | Slime:5  | Killed an acid blob
 25338 | Slime:5  | Killed an acid blob
 25371 | Slime:5  | Noticed an acid blob
 25781 | Orc:2    | Found a staircase to the Elven Halls.
 25859 | Orc:2    | Reached skill level 1 in Earth Magic
 25864 | Orc:2    | Reached skill level 1 in Necromancy
 25906 | Orc:2    | Lost mutation: You have a small jelly attached to you that
                  | senses nearby items. [Jiyva's grace]
 26050 | Orc:2    | Lost mutation: You have acidic saliva. [Jiyva's grace]
 26063 | Orc:2    | Lost mutation: Armour fits poorly on your strangely shaped
                  | body. [Jiyva's power]
 26421 | Orc:2    | Gained mutation: You are covered in slimy tendrils that may
                  | disarm your opponents. [Jiyva's grace]
 26563 | Orc:2    | Gained mutation: You have acidic saliva. [Jiyva's grace]
 26680 | Orc:2    | Gained mutation: You are agile. (Dex +2) [Jiyva's grace]
 26726 | Orc:2    | Gained mutation: Your body has grown golden eyes which may
                  | confuse attackers. (Acc +3) [Jiyva's grace]
 26729 | Orc:2    | Found Alaqu's Jewellery Emporium.
 26729 | Orc:2    | Found Fiohyvvo's Book Emporium.
 26730 | Orc:2    | Found Caepesit's Assorted Antiques.
 26730 | Orc:2    | Found Kanaph's Food Shop.
 26764 | Orc:2    | Bought a book of Transfigurations for 770 gold pieces
 27011 | Orc:2    | Bought the ring "Saugexi" {rPois MP+9 Int-5 Dex+4} for 436
                  | gold pieces
 27208 | Spider:1 | Entered Level 1 of the Spider Nest
 27209 | Spider:1 | Noticed a ghost moth
 27332 | Lair:2   | Killed a ghost moth
 27531 | Spider:1 | Noticed Josephine
 27550 | Spider:1 | Killed Josephine
 27664 | Spider:1 | Noticed an entropy weaver
 27669 | Spider:1 | Slimified an entropy weaver
 27669 | Spider:1 | Noticed an acid blob
 27669 | Spider:1 | an entropy weaver changed into an acid blob
 27682 | Spider:1 | Gained mutation: You have a small jelly attached to you
                  | that senses nearby items. [Jiyva's grace]
 28290 | Spider:2 | Noticed Nikola
 28385 | Spider:2 | Noticed an emperor scorpion
 28385 | Spider:2 | Noticed an entropy weaver
 28389 | Spider:1 | Slimified an entropy weaver
 28389 | Spider:1 | an entropy weaver changed into a slime creature
 28584 | Spider:1 | Killed an emperor scorpion
 28768 | Spider:2 | Gained mutation: Armour fits poorly on your pseudopods.
                  | [Jiyva's grace]
 29080 | Spider:1 | Reached XP level 15. HP: 120/140 MP: 21/21
 29099 | Spider:2 | Gained mutation: You have a somewhat thin skeletal
                  | structure. (Dex +2, Stealth) [Jiyva's grace]
 29927 | Spider:3 | Reached skill level 5 in Spellcasting
 29932 | Spider:3 | Noticed a ghost moth
 29943 | Spider:3 | Killed a ghost moth
 30552 | Spider:3 | Noticed Arachne
 30680 | Lair:1   | Lost mutation: You are agile. (Dex +2) [Jiyva's grace]
 30808 | D:12     | Found a glowing golden altar of the Shining One.
 31096 | D:12     | Gained mutation: Your mind is acute. (Int +2) [Jiyva's
                  | grace]
 31248 | D:12     | Noticed Frances
 31265 | D:12     | Slimified Frances
 31265 | D:12     | Noticed Frances
 31265 | D:12     | Frances changed into Frances the azure jelly
 31557 | D:13     | Reached skill level 5 in Earth Magic
 31739 | D:13     | Gained mutation: Your body has grown many golden eyes which
                  | may confuse attackers. (Acc +5) [Jiyva's grace]
 31781 | D:13     | Lost mutation: Your muscles are strong. (Str +2) [Jiyva's
                  | grace]
 31906 | D:13     | Gained mutation: Your body is covered in golden eyes which
                  | may confuse attackers. (Acc +7, SInv) [Jiyva's grace]
 31910 | D:13     | Found a gate to the Vaults.
 32107 | D:13     | Lost mutation: You have a small jelly attached to you that
                  | senses nearby items. [Jiyva's grace]
 32916 | D:14     | Reached skill level 5 in Necromancy
 33100 | Lair:1   | Lost mutation: Your mind is acute. (Int +2) [Jiyva's grace]
 33199 | Shoals:1 | Entered Level 1 of the Shoals
 33263 | Shoals:1 | Reached skill level 16 in Unarmed Combat
 33355 | Shoals:1 | Noticed Roxanne
 33382 | Shoals:1 | Reached XP level 16. HP: 132/153 MP: 23/23
 33682 | Shoals:1 | Learned a level 6 spell: Statue Form
 33896 | Shoals:1 | Gained mutation: Your flesh is heat resistant. (rF+)
                  | [Jiyva's grace]
 34368 | Shoals:1 | Lost mutation: You are partially covered in thin metallic
                  | scales. (AC +2) [Jiyva's grace]
 34768 | Shoals:2 | Reached skill level 1 in Transmutations
 34863 | Shoals:2 | Lost mutation: You have a pair of small antennae on your
                  | head. [Jiyva's grace]
 34967 | Shoals:2 | Reached skill level 10 in Shields
 34979 | Shoals:2 | Gained mutation: You expend magic power (3 MP) to
                  | strengthen your wands. [Jiyva's grace]
 35099 | Shoals:2 | Hit by a large rock thrown by a cyclops

Vault maps used:
D:1:      dpeg_arrival_round_c
D:2:      elyvilon_altar_4, lemuel_coloured_pillars_altar,
          minmay_misc_feat_roman
D:3:      grunt_dithmenos_smoke_and_mirrors, cheibrodos_ashenzari_chains,
          first_ration, uniq_sigmund, uniq_ijyb
D:4:      dancing_weapons_uskayaw, ebering_ghost_reflecting_pool, serial_shops,
          nicolae_shop_stone
D:5:      nicolae_gozag_zags_fifth_avenue, gammafunk_temple_overflow_statue,
          basic_altar, fedhas_bush_and_centaur_altar, uniq_eustachio
D:6:      temple_fountains, uniq_pikel, uniq_edmund
D:7:      grunt_livestock, uniq_duvessa, uniq_crazy_yiuf_cottage
D:8:      cheibriados_altar_1, basic_altar, grunt_decor_one_mirror,
          serial_bayou_ford_a, grunt_qazlal_clouds
D:9:      kennysheep_mini_moat, uniq_gastronok, uniq_grum
D:10:     lemuel_flamethrower_2
D:11:     david_lair_shrubbed, orc_0_dummy, nicolae_ru_path_of_blood,
          uniq_harold
D:12:     tso_altar, uniq_frances
D:13:     david_vaults_4
D:14:     kennysheep_small_spiral, grunt_decor_mini_mirrors,
          hangedman_devilish_allure
Temple:   nicolae_temple_hex_pool
Lair:1:   serial_bayou_shore_a
Lair:2:   dummy_spider_entry, serial_bayou_shore_b, lemuel_fruit_fields
Lair:3:   minmay_lair_oklob_chamber, lemuel_fruit_tree
Lair:4:   gammafunk_lair_enchanted_lake, elwin_shoals_entry_stream,
          nicolae_quartered_pool_super, uniq_nessos, uniq_rupert
Lair:5:   uniq_urug, uniq_snorg
Lair:6:   minmay_lair_end_frog_pond, slime_altar_1, roderic_batcave,
          minivault_27
Shoals:1: cheibrodos_shoals_satyrical_garden, uniq_roxanne
Shoals:2: hangedman_shoals_cup_caves
Spider:1: spider_trap, uniq_nikola, uniq_josephine
Spider:2: nicolae_orb_stairs
Spider:3: spider_trap, nicolae_arachne_temple
Slime:2:  cheibrodos_slime_lost_civilization_8
Slime:3:  cheibrodos_slime_lost_civilization_6
Orc:1:    serial_shops, nicolae_shop_overgrown_old_shop
Orc:2:    st_orc_elflike, mines2_lemuel

Skill      XL: |  1  2  3  4  5  6  7  8  9 10 11 12 13 14 15 16 |
---------------+-------------------------------------------------+-----
Unarmed Combat | 3 4 5 7 8 10 11 13 15 16 | 16.2
Dodging        | 3 4 5 6 9 10 | 10.0
Invocations    | 1 2 3 4 5 6 |  6.0
Fighting       | 3 4 5 6 7 8 |  8.8
Shields        | 3 4 5 6 7 8 9 10 | 10.0
Hexes          | 2 4 |  4.0
Spellcasting   | 2 4 5 6 |  6.0
Translocations | 2 |  2.0
Armour         | 3 |  3.0
Earth Magic    | 3 5 6 |  6.0
Necromancy     | 3 5 |  5.8
Transmutations | 1 |  1.5

Action                   |  1- 3 |  4- 6 |  7- 9 | 10-12 | 13-15 | 16-18 || total
-------------------------+-------+-------+-------+-------+-------+-------++-------
Melee: Unarmed           |    60 |   118 |   351 |   853 |  1762 |   267 ||  3411
       Kick              |       |       |       |   159 |   131 |       ||   290
       Bite              |       |       |       |       |   186 |    46 ||   232
       Pseudopods        |       |       |       |       |   205 |    59 ||   264
Throw: Large rock        |       |       |       |       |       |     1 ||     1
 Cast: Confusing Touch   |       |       |       |    46 |    54 |    12 ||   112
       Ensorcelled Hiber |       |       |       |     6 |     2 |       ||     8
       Apportation       |       |       |       |     2 |       |       ||     2
       Borgnjor's Vile C |       |       |       |       |     1 |    10 ||    11
Invok: Greater Healing   |       |       |       |     3 |     3 |       ||     6
       Request Jelly     |       |       |       |       |    15 |       ||    15
       Slimify           |       |       |       |       |     4 |       ||     4
       Cure Bad Mutation |       |       |       |       |     1 |       ||     1
Evoke: Wand              |       |       |       |     2 |    22 |       ||    24
       Phantom mirror    |       |       |       |       |     1 |       ||     1
  Use: Scroll            |     4 |     5 |     3 |    20 |     8 |     2 ||    42
       Potion            |       |     1 |     1 |     5 |     6 |     4 ||    17
 Stab: Confused          |       |       |       |    15 |    63 |    24 ||   102
       Paralysed         |       |       |       |     2 |       |       ||     2
       Distracted        |       |       |       |       |     2 |       ||     2
       Sleeping          |       |       |       |       |     1 |       ||     1
  Eat: Chunk             |    15 |    17 |    38 |    95 |    70 |     6 ||   241
       Ration            |       |       |       |       |     5 |       ||     5
Armor: Robe              |    10 |    24 |    62 |    39 |       |       ||   135
       Skin              |       |     2 |       |       |       |       ||     2
       Troll leather arm |       |       |       |   104 |   392 |    46 ||   542
Dodge: Dodged            |    17 |    37 |    68 |   228 |   878 |   130 ||  1358
Block: Shield            |    19 |    42 |   127 |   381 |   953 |   142 ||  1664
       Reflection        |       |       |       |       |       |    35 ||    35

Table legend:
 A = Non-vault XP
 B = Vault XP
 C = Vault XP percentage of total XP
 D = Non-vault monster count
 E = Vault monster count
 F = Vault count percentage of total count
                 A         B        C        D         E       F
            +---------+---------+-------+---------+---------+-------
      Total |  111720 |   66008 |  37.1 |     618 |     190 |  23.5
            +---------+---------+-------+---------+---------+-------
        D:1 |      51 |       0 |   0.0 |      14 |       0 |   0.0
        D:2 |      86 |       0 |   0.0 |      26 |       0 |   0.0
        D:3 |     188 |     248 |  56.9 |      25 |       2 |   7.4
        D:4 |     621 |     145 |  18.9 |      19 |       1 |   5.0
        D:5 |     649 |     294 |  31.2 |      17 |       2 |  10.5
        D:6 |     451 |     769 |  63.0 |      10 |       2 |  16.7
        D:7 |    1182 |    1258 |  51.6 |      22 |       8 |  26.7
        D:8 |    1205 |       0 |   0.0 |      19 |       0 |   0.0
        D:9 |    1091 |    2634 |  70.7 |      27 |       5 |  15.6
       D:10 |    2468 |     361 |  12.8 |      34 |       1 |   2.9
       D:11 |    5783 |    1203 |  17.2 |      56 |       2 |   3.4
       D:12 |    3960 |       0 |   0.0 |      22 |       0 |   0.0
       D:13 |    8527 |    1210 |  12.4 |      36 |       3 |   7.7
       D:14 |    5719 |    3060 |  34.9 |      24 |      15 |  38.5
     Lair:1 |    3461 |       0 |   0.0 |      20 |       0 |   0.0
     Lair:2 |    6137 |       0 |   0.0 |      19 |       0 |   0.0
     Lair:3 |    1424 |     110 |   7.2 |       5 |       1 |  16.7
     Lair:4 |    5959 |    9934 |  62.5 |      21 |      14 |  40.0
     Lair:5 |    3231 |    2482 |  43.4 |      12 |       4 |  25.0
     Lair:6 |    4634 |   13913 |  75.0 |      20 |      58 |  74.4
   Shoals:1 |   13509 |    4398 |  24.6 |      29 |       8 |  21.6
   Shoals:2 |    7756 |    2791 |  26.5 |      18 |       5 |  21.7
   Spider:1 |   12749 |    2030 |  13.7 |      33 |       6 |  15.4
   Spider:2 |    5608 |    2612 |  31.8 |      18 |       5 |  21.7
   Spider:3 |    9649 |    8594 |  47.1 |      23 |      26 |  53.1
      Orc:1 |    2963 |       0 |   0.0 |      25 |       0 |   0.0
      Orc:2 |    2659 |    7962 |  75.0 |      24 |      22 |  47.8
            +---------+---------+-------+---------+---------+-------
